 Dungeon Crawl Stone Soup version 0.29-a0-344-ge2f44be95a (webtiles) character file.

Game seed: 18289627759621650869

47 Murumi the Skirmisher (level 3, -3/31 HPs)
             Began as a Demigod Fighter on Apr 22, 2022.
             Slain by a gnoll
             ... wielding a +0 flail
              (5 damage)
             ... on level 2 of the Dungeon.
             The game lasted 00:03:02 (886 turns).

Murumi the Skirmisher (Demigod Fighter)              Turns: 886, Time: 00:03:03

Health: -3/31      AC:  7    Str: 17    XL:     3   Next: 29%
Magic:  5/5        EV:  9    Int: 10    God:
Gold:   29         SH:  5    Dex: 17    Spells: 2/2 levels left

rFire   . . .      SeeInvis .   a - +0 long sword
rCold   . . .      Faith    .   c - +0 buckler
rNeg    . . .      Spirit   .   b - +0 scale mail
rPois   .          Reflect  .   (no helmet)
rElec   .          Harm     .   f - +0 cloak
rCorr   .          Rampage  .   (no gloves)
Will    .....                   (no boots)
Stlth   ..........              (no amulet)
HPRegen 0.10/turn               (no ring)
MPRegen 0.09/turn               (no ring)

@: mighty
A: high MP 1, forlorn, divine attributes
a: no special abilities


You were on level 2 of the Dungeon.
You visited 1 branch of the dungeon, and saw 2 of its levels.

You collected 29 gold pieces.

Inventory:

Hand Weapons
 a - a +0 long sword (weapon)
Armour
 b - a +0 scale mail (worn)
 c - a +0 buckler (worn)
 f - a +0 cloak (worn)
Scrolls
 g - a scroll of identify
Potions
 e - 2 potions of flight


   Skills:
 - Level 3.0 Fighting
 - Level 2.0 Long Blades
 - Level 3.0 Armour
 + Level 1.3 Dodging
 - Level 1.0 Stealth
 - Level 3.0 Shields


You had 2 spell levels left.
You didn't know any spells.
Your spell library was empty.

Dungeon Overview and Level Annotations

Branches:
Dungeon (2/15)

Shops:
D:2 [


Innate Abilities, Weirdness & Mutations

You have an increased reservoir of magic. (+10% MP)
You shall have no god before yourself.
Your divine heritage dramatically boosts your attributes as you level up.


Message History

You barely miss the gnoll.
The gnoll is severely wounded.
The gnoll barely misses you. The gnoll hits you but does no damage.
You hit the gnoll.
The gnoll is almost dead.
You block the gnoll's attack.
The gnoll hits you from afar with a +0 spear.
You slash the gnoll!
You kill the gnoll!
The gnoll closely misses you.
The gnoll hits you from afar with a +0 spear.
Training target 1.0 for Stealth reached!
Your Stealth skill increases to level 1!
You need to enable at least one skill for training.
You have reached level 3!
Your experience leads to a dramatic increase in your attributes!
Increase (S)trength, (I)ntelligence, or (D)exterity?
You feel agile. x4
Okay, then.
You feel very mighty all of a sudden.
The gnoll hits you from afar with a +0 spear.
The gnoll hits you with a +0 spear.
* * * LOW HITPOINT WARNING * * *
There is an open door here.
Things that are here:
a +0 club; a gnoll corpse You slash the gnoll!
The gnoll is severely wounded.
The gnoll hits you but does no damage.
You slash the gnoll!
You kill the gnoll!
You completely miss the gnoll. The gnoll hits you with a +0 flail.
* * * LOW HITPOINT WARNING * * *
The gnoll barely misses you. The gnoll hits you but does no damage.
The gnoll closely misses you.
Unknown command.
You hit the gnoll.
The gnoll is heavily wounded.
The gnoll hits you with a +0 flail.
You die...

...
#....###.#.#+#....
...........#.# ...
>.......###.## .
.#......#8...8
........# ._.
##......# ... #
........###g# .#
##........#g# ..
#........#@#.#
#........8.8.#
#............#
##############


You could see 2 gnolls.

Vanquished Creatures
  2 gnolls (D:2)
  A worm (D:2)
  3 dart slugs (D:1)
  3 ball pythons
  2 endoplasms
  2 kobolds (D:1)
  4 bats (D:1)
  A frilled lizard (D:1)
  2 rats (D:1)
20 creatures vanquished.

Notes
Turn   | Place    | Note
-------+----------+-------------------------------------------
     0 | D:1      | Murumi the Demigod Fighter began the quest for the Orb.
     0 | D:1      | Reached XP level 1. HP: 18/18 MP: 3/3
   221 | D:1      | Reached XP level 2. HP: 26/26 MP: 4/4
   769 | D:2      | Found Vahiogh's Armour Shoppe.
   811 | D:2      | Reached skill level 1 in Dodging
   881 | D:2      | Reached skill level 1 in Stealth
   881 | D:2      | Reached XP level 3. HP: 11/31 MP: 5/5
   886 | D:2      | Slain by a gnoll

Illustrated notes

Levels and vault maps discovered:
D:1:      amcnicky_arrival_double_pillar, layout_basic, serial_rivers,
          chequers_serial_rivers_small_a, chequers_serial_rivers_small_3,
          chequers_serial_rivers_marsh, chequers_serial_rivers_small_b,
          grunt_decor_mini_mirrors
D:2:      layout_rooms, serial_shops, nicolae_shop_crystal,
          dreamdust_ecumenical_altar_angels_and_demons, basic_altar

Skill      XL: |  1  2 |
---------------+-------+-----
Long Blades    | 2 |  2.0
Fighting       | 3 |  3.0
Armour         | 3 |  3.0
Shields        | 3 |  3.0
Dodging        | 1 |  1.3
Stealth        | 1 |  1.0

Action                   || total
-------------------------++-------
Melee: Long sword        ||    68
  Use: Scroll            ||     3
       Potion            ||     1
Armor: Scale mail        ||    32
Dodge: Dodged            ||    33
Block: Buckler           ||    11

Table legend: (Time is in decaauts)
 A = Elapsed time spent in this place.
 B = Non-inter-level travel time spent in this place.
 C = Inter-level travel time spent in this place.
 D = Time resting spent in this place.
 E = Time spent auto-exploring this place.
 F = Levels seen in this place.
 G = Mean time per level.
                   A        B        C        D        E       F      G
               +--------+--------+--------+--------+--------+-----+--------+
         Total |    917 |    806 |    111 |     34 |    593 |   2 |  458.5 |
       Dungeon |    917 |    806 |    111 |     34 |    593 |   2 |  458.5 |
               +--------+--------+--------+--------+--------+-----+--------+

Top non-repeatable levels by time:
     D:1: 817 daAuts
     D:2: 100 daAuts
